 Dungeon Crawl Stone Soup version 0.29-a0-659-g28b9d68c38 (webtiles) character file.

Game seed: 15267665572873285048

23406 KristoblXynda the Fighter (level 12, -10/115 HPs)
             Began as a Pale Draconian Monk on June 22, 2022.
             Was the Champion of Okawaru.
             Killed from afar by a fire dragon (16 damage)
             ... with a blast of flame
             ... on level 14 of the Dungeon.
             The game lasted 00:22:49 (19502 turns).

KristoblXynda the Fighter (Pale Draconian Monk)    Turns: 19502, Time: 00:22:50

Health: -10/115    AC: 15    Str: 16    XL:     12   Next: 71%
Magic:  18/18      EV: 21    Int: 14    God:    Okawaru [******]
Gold:   829        SH:  5    Dex: 13    Spells: 11/11 levels left

rFire   + . .      SeeInvis .     - Unarmed
rCold   x . .      Faith    .   (no shield)
rNeg    + . .      Spirit   .   (body armour unavailable)
rPois   +          Reflect  +   i - +0 hat "Qekiboid" {rN+}
rElec   .          Harm     .   F - +1 cloak of Starlight {*Dazzle EV+4 Stlth--}
rCorr   .          Rampage  .   p - +2 pair of gloves
Will    .....                   C - +1 pair of boots
Stlth   ..........              q - amulet of reflection
HPRegen 0.29/turn               h - ring of poison resistance
MPRegen 0.16/turn               x - ring of fire

@: short of breath
A: breathe steam, AC +8, unfitting armour, cold-blooded, steam resistance
a: Breathe Steam, Renounce Religion, Heroism, Finesse, Duel


You were on level 14 of the Dungeon.
You worshipped Okawaru.
Okawaru was exalted by your worship.
You visited 2 branches of the dungeon, and saw 15 of its levels.

You collected 829 gold pieces.

Inventory:

Missiles
 s - 3 javelins (quivered)
 A - a throwing net
Armour
 i - the +0 hat "Qekiboid" (worn) {rN+}
   (Okawaru gifted it to you on level 10 of the Dungeon)

   rN:        It protects you from negative energy.
 p - a +2 pair of gloves (worn)
 C - a +1 pair of boots (worn)
 F - the +1 cloak of Starlight (worn) {*Dazzle EV+4 Stlth--}
   (You acquired it on level 13 of the Dungeon)

   It may blind those who miss an attack against the wearer in melee combat.
   EV:        It affects your evasion (+4).
   Stlth:     It makes you much less stealthy.
Jewellery
 h - a ring of poison resistance (left hand)
 q - an amulet of reflection (around neck)
 x - a ring of fire (right hand)
 y - a ring of see invisible
 B - a ring of protection from cold
 E - a ring of wizardry
Wands
 b - a wand of light (2)
 D - a wand of paralysis (8)
Scrolls
 f - 2 scrolls of enchant weapon
 g - 4 scrolls of fog
 j - a scroll of brand weapon
 k - a scroll of magic mapping
 t - 2 scrolls of teleportation
 u - 3 scrolls of immolation
 v - 3 scrolls of poison
 G - a scroll of amnesia
Potions
 a - 2 potions of ambrosia
 c - 10 potions of curing
 d - 2 potions of heal wounds
 e - 4 potions of brilliance
 l - 2 potions of resistance
 o - 4 potions of attraction
 r - a potion of cancellation
 w - 3 potions of haste
 z - 3 potions of magic


   Skills:
 + Level 13.1 Fighting
 + Level 11.1 Dodging
 - Level 1.7 Stealth
 + Level 12.1 Unarmed Combat
 + Level 8.7 Invocations


You had 11 spell levels left.
You didn't know any spells.
Your spell library contained the following spells:

 Spells                   Type           Power      Damage    Failure   Level
 Apportation              Tloc           0%         N/A       28%         1
 Freeze                   Ice            0%         1d3       28%         1
 Magic Dart               Conj           0%         1d3       28%         1
 Necrotize                Necr           0%         1d4       28%         1
 Shock                    Conj/Air       0%         1d3       28%         1
 Slow                     Hex            0%         N/A       28%         1
 Blink                    Tloc           0%         N/A       41%         2
 Poisonous Vapours        Pois/Air       0%         N/A       41%         2
 Sublimation of Blood     Necr           0%         N/A       41%         2
 Confusing Touch          Hex            0%         N/A       65%         3
 Dazzling Flash           Conj/Hex       0%         N/A       65%         3
 Frozen Ramparts          Ice            0%         1d2       65%         3
 Lesser Beckoning         Tloc           0%         N/A       65%         3
 Mephitic Cloud           Conj/Pois/Air  0%         N/A       65%         3
 Stone Arrow              Conj/Erth      0%         3d7       65%         3
 Swiftness                Air            0%         N/A       65%         3
 Vampiric Draining        Necr           0%         2d6       65%         3
 Airstrike                Air            0%         N/A       96%         4
 Corpse Rot               Necr/Pois/Air  0%         N/A       96%         4
 Hailstorm                Conj/Ice       0%         3d3       96%         4
 Ice Form                 Ice/Tmut       0%         N/A       96%         4
 Petrify                  Tmut/Erth      0%         N/A       96%         4
 Agony                    Necr           0%         N/A       100%        5
 Irradiate                Conj/Tmut      0%         3d13      100%        5
 Manifold Assault         Tloc           0%         N/A       100%        5
 Silence                  Hex/Air        0%         N/A       100%        5
 Conjure Ball Lightning   Conj/Air       0%         3x3d6     100%        6
 Orb of Destruction       Conj           0%         9d5       100%        7
 Discord                  Hex            0%         N/A       100%        8
 Disjunction              Tloc           0%         N/A       100%        8
 Lehudib's Crystal Spear  Conj/Erth      0%         10d2      100%        8
 Summon Small Mammal      Summ           Unusable   N/A       N/A         1
 Call Imp                 Summ           Unusable   N/A       N/A         2
 Summon Guardian Golem    Hex/Summ       Unusable   N/A       N/A         3
 Animate Armour           Summ/Erth      Unusable   N/A       N/A         4
 Simulacrum               Ice/Necr       Unusable   N/A       N/A         6
 Spellforged Servitor     Conj/Summ      Unusable   N/A       N/A         7

Dungeon Overview and Level Annotations

Branches:
Dungeon (14/15)            Temple (1/1) D:4            Lair (0/6) D:11
    Orc (0/2) D:12         Vaults (0/5) D:13

Altars:
Ashenzari
Cheibriados
Dithmenos
Elyvilon
Fedhas
Gozag
Hepliaklqana
Kikubaaqudgha
Makhleb
Nemelex Xobeh
Okawaru
Qazlal
Ru
Sif Muna
Trog
Uskayaw
Vehumet
Wu Jian
Xom
Yredelemnul
Zin
The Shining One
Beogh

Shops:
D:1 :   D:4 (   D:6 (

Annotations:
D:6 3 runed translucent doors, jotwebe's ghost, novice DrTm


Innate Abilities, Weirdness & Mutations

You can breathe blasts of scalding, opaque steam.
Your pale cyan-grey scales are hard. (AC +8)
You cannot fit into any form of body armour.
You are cold-blooded and may be slowed by cold attacks.
You are immune to the effects of steam.


Message History

You throw a javelin.
The javelin pierces through the fire dragon!
The fire dragon is severely wounded.
The fire dragon bites you!
* * * LOW HITPOINT WARNING * * *
The fire dragon claws you but does no damage.
The fire dragon tramples you.
* * * LOW HITPOINT WARNING * * *
You hold your ground!
A cyclops comes into view.
The fire dragon breathes flames at you. The blast of flame hits you!
You resist.
* * * LOW HITPOINT WARNING * * *
Unknown command.
The fire dragon attacks as you move away!
The fire dragon bites you but does no damage.
The fire dragon claws you.
* * * LOW HITPOINT WARNING * * *
The fire dragon tramples you but does no damage.
Okay, then.
You feel much better.
The fire dragon bites you but does no damage.
The fire dragon barely misses you. The fire dragon tramples you!
* * * LOW HITPOINT WARNING * * *
You hold your ground!
The fire dragon breathes flames at you. The blast of flame hits you!
You resist.
* * * LOW HITPOINT WARNING * * *
Aiming: Breathe Steam (1% risk of failure)
Press: ? - help, Shift-Dir - straight line, f/p - fire dragon
Aim: a fire dragon (severely wounded, 81% to hit)
You exhale a blast of scalding steam.
The ball of steam hits the fire dragon.
The fire dragon resists.
The fire dragon is severely wounded.
Unknown command.
You completely miss the fire dragon.
The fire dragon is severely wounded.
The fire dragon breathes flames at you. The blast of flame hits you!
You resist.
You die...

.#####..##.#
#.....#
#.....#
#.###.# #.#
#.# #.# #.#
#.# #.# #.#
#.# #.# #@#
#.###D#
#...ยงยง#
#.....#
#.....#
#..#### #.C#
#..# #..#


You could see a fire dragon (catching breath).

Vanquished Creatures
  Kirke (D:12)
  A centaur warrior (D:13)
  A boulder beetle (D:13)
  5 two-headed ogres
  3 death yaks (D:11)
  A wizard (D:13)
  2 deep elf pyromancers (D:13)
  A necromancer (D:13)
  3 ugly things
  A cyclops (D:11)
  2 gargoyles
  3 unseen horror zombies (D:9)
  2 unseen horrors
  An efreet (D:13)
  4 trolls
  2 hornets
  4 slime creatures (D:13)
  2 shadows (D:10)
  Sigmund (D:5)
  A wraith (D:10)
  22 yaks
  A human (D:12)
  2 hogs (D:12)
  9 vampire mosquitoes
  Edmund (D:6)
  A sky beast (D:7)
  3 black bears
  3 orc warriors
  An ogre (D:6)
  5 centaurs
  2 kobold brigands
  3 scorpions
  A bullfrog (D:8)
  3 necrophages (D:9)
  A wyvern zombie (D:9)
  9 wights
  2 electric eels (D:7)
  6 howler monkeys
  2 centaur zombies (D:9)
  3 hounds
  3 jellies
  6 orc priests
  2 gnoll shamans
  A human zombie (D:9)
  Crazy Yiuf (D:3)
  15 orc wizards
  4 iguanas
  A killer bee zombie (D:9)
  A mummy (D:9)
  16 gnolls
  6 adders
  A shadow imp (D:6)
  4 white imps (D:7)
  An ufetubus (D:4)
  2 worms
  3 dart slugs (D:1)
  37 orcs
  8 ball pythons
  7 bats
  5 endoplasms
  4 giant cockroaches
  3 goblins
  10 hobgoblins
  7 jackals
  21 kobolds
  A quokka (D:2)
  4 frilled lizards
  4 rats
299 creatures vanquished.

Vanquished Creatures (others)
  A kobold brigand (D:9)
  19 plants (D:7)
20 creatures vanquished.

Grand Total: 319 creatures vanquished

Notes
Turn   | Place    | Note
-------+----------+-------------------------------------------
     0 | D:1      | KristoblXynda the Draconian Monk began the quest for the
                  | Orb.
     0 | D:1      | Reached XP level 1. HP: 19/19 MP: 1/1
   365 | D:1      | Reached XP level 2. HP: 26/26 MP: 2/2
   384 | D:1      | Found Ozuups's Book Shop.
   900 | D:1      | Reached XP level 3. HP: 30/33 MP: 3/3
  1145 | D:1      | Found a faded altar of an unknown god.
  2021 | D:2      | Reached skill level 4 in Fighting
  2439 | D:3      | Reached XP level 4. HP: 38/40 MP: 4/4
  2817 | D:3      | Found a runed translucent door.
  2818 | D:3      | Noticed Crazy Yiuf
  3161 | D:3      | Killed Crazy Yiuf
  3196 | D:3      | Identified the +9 mace "Rioraor" {flame, Drain Str+7}
  3477 | D:4      | Reached XP level 5. HP: 35/47 MP: 5/5
  4054 | D:4      | Found a staircase to the Ecumenical Temple.
  4349 | Temple   | Entered the Ecumenical Temple
  4463 | Temple   | Became a worshipper of Warmaster Okawaru
  4463 | Temple   | Reached * piety under Okawaru
  4463 | Temple   | Reached ** piety under Okawaru
  4702 | D:4      | Found a bloodstained altar of Trog.
  4729 | D:4      | Found a shimmering altar of Xom.
  4768 | D:4      | Found Gipraom's Antique Weapon Emporium.
  5193 | D:4      | Reached skill level 5 in Fighting
  5193 | D:4      | Reached XP level 6. HP: 26/56 MP: 6/6
  5942 | D:4      | Reached skill level 5 in Unarmed Combat
  6339 | D:4      | Found an opulent altar of Gozag.
  6511 | D:5      | Entered Level 5 of the Dungeon
  6511 | D:5      | Noticed Sigmund
  6527 | D:5      | Killed Sigmund
  6527 | D:5      | Reached *** piety under Okawaru
  6528 | D:5      | Reached skill level 6 in Fighting
  6528 | D:5      | Your scales start taking on a pale cyan-grey colour.
  6528 | D:5      | Reached XP level 7. HP: 32/63 MP: 7/7
  6528 | D:5      | Gained mutation: You are immune to the effects of steam.
                  | [Pale Draconian growth]
  6543 | D:5      | Reached skill level 5 in Dodging
  7153 | D:5      | Reached XP level 8. HP: 71/71 MP: 8/8
  7570 | D:6      | Noticed Edmund
  7578 | D:6      | Reached skill level 7 in Fighting
  7585 | D:6      | Reached **** piety under Okawaru
  7595 | D:6      | Killed Edmund
  7986 | D:6      | Found Ahoiq's Weapon Shoppe.
  8101 | D:6      | Found a white marble altar of Elyvilon.
  8542 | D:6      | Reached skill level 8 in Fighting
  8549 | D:6      | Found a runed translucent gate.
  8549 | D:6      | Noticed jotwebe's ghost (novice DrTm)
  8551 | D:6      | Found a runed translucent gate.
  8552 | D:6      | Found a runed translucent gate.
  8553 | D:6      | Identified the +2 chain mail of Light {Fly rN+}
  8861 | D:7      | Reached XP level 9. HP: 70/81 MP: 9/9
  8996 | D:7      | Noticed a gargoyle
  9069 | D:7      | Killed a gargoyle
  9069 | D:7      | Reached ***** piety under Okawaru
  9070 | D:7      | Reached skill level 9 in Fighting
 10116 | D:7      | Killed an unseen horror
 10329 | D:7      | Found a shadowy altar of Dithmenos.
 10520 | D:8      | Noticed a two-headed ogre
 10538 | D:7      | Received a gift from Okawaru
 10540 | D:7      | Killed a two-headed ogre
 10541 | D:7      | Reached XP level 10. HP: 34/93 MP: 10/10
 10953 | D:8      | Found a sacrificial altar of Ru.
 11141 | D:8      | Reached skill level 10 in Fighting
 11220 | D:8      | Found a snail-covered altar of Cheibriados.
 11768 | D:9      | Noticed a two-headed ogre
 11796 | D:8      | Reached skill level 1 in Invocations
 12139 | D:8      | Identified the +3 fustibalus of Doom {flame, Stlth+}
                  | (Okawaru gifted it to you on level 8 of the Dungeon)
 12139 | D:8      | Received a gift from Okawaru
 12712 | D:9      | Killed a two-headed ogre
 13157 | D:9      | Found a basalt altar of Yredelemnul.
 13365 | D:9      | Reached skill level 10 in Unarmed Combat
 13618 | D:10     | Entered Level 10 of the Dungeon
 13658 | D:10     | Reached skill level 11 in Fighting
 13658 | D:10     | Reached XP level 11. HP: 98/102 MP: 14/14
 14191 | D:10     | Noticed a two-headed ogre
 14205 | D:10     | Killed a two-headed ogre
 14206 | D:10     | Reached skill level 5 in Invocations
 14213 | D:10     | Reached ****** piety under Okawaru
 14228 | D:10     | Identified the +0 hat "Qekiboid" {rN+} (Okawaru gifted it
                  | to you on level 10 of the Dungeon)
 14228 | D:10     | Received a gift from Okawaru
 14643 | D:11     | Noticed a brown ugly thing
 14651 | D:11     | Killed a brown ugly thing
 15102 | D:11     | Noticed a death yak
 15123 | D:11     | Noticed a death yak
 15123 | D:11     | Noticed a death yak
 15130 | D:11     | Killed a death yak
 15137 | D:11     | Killed a death yak
 15138 | D:11     | Reached skill level 10 in Dodging
 15146 | D:11     | Killed a death yak
 15204 | D:11     | Found a staircase to the Lair.
 15279 | D:11     | Reached skill level 12 in Fighting
 15707 | D:12     | Noticed a two-headed ogre
 15707 | D:12     | Noticed Kirke
 15815 | D:12     | Killed Kirke
 15816 | D:12     | Reached XP level 12. HP: 36/112 MP: 12/17
 16310 | D:12     | Killed a two-headed ogre
 16540 | D:12     | Received a gift from Okawaru
 16638 | D:12     | Noticed a two-headed ogre
 16650 | D:12     | Killed a two-headed ogre
 17267 | D:12     | Found a staircase to the Orcish Mines.
 17396 | D:13     | Identified a scroll of acquirement
 17417 | D:13     | Acquired the +1 cloak of Starlight {*Dazzle EV+4 Stlth--}
 17417 | D:13     | Found the +1 cloak of Starlight {*Dazzle EV+4 Stlth--}
 17633 | D:13     | HP: 4/113 [large slime creature (34)]
 18229 | D:13     | Noticed a centaur warrior
 18240 | D:13     | Killed a centaur warrior
 18545 | D:13     | Noticed a boulder beetle
 18582 | D:13     | Reached skill level 13 in Fighting
 18591 | D:13     | Killed a boulder beetle
 19134 | D:13     | Found a gate to the Vaults.
 19148 | D:13     | Identified the +0 cloak of Bitterness {Str+4} (Okawaru
                  | gifted it to you on level 13 of the Dungeon)
 19148 | D:13     | Received a gift from Okawaru
 19476 | D:14     | Noticed a fire dragon
 19502 | D:14     | Killed from afar by a fire dragon

Illustrated notes

Levels and vault maps discovered:
D:1:      psy_arrival_dodecagon, layout_loops_cross,
          shapermc_ecumenical_altar_mp_highgroup, serial_shops, shop
D:2:      layout_basic, serial_rivers, chequers_serial_rivers_small_b,
          chequers_serial_rivers_large_b, chequers_serial_rivers_micro_d,
          chequers_serial_rivers_room_a
D:3:      layout_basic, uniq_crazy_yiuf_cottage
D:4:      layout_layer_cave, old_standard_altar, mainiacjoe_overflow_two_lobes,
          temple_green, serial_shops, shop
D:5:      layout_rooms, uniq_sigmund
D:6:      layout_loops_ring, overflow_temple_1_default, serial_shops,
          nicolae_lakefront_shop, biasface_ghost_orc_armoury,
          minmay_misc_feat_ornament, uniq_edmund
D:7:      hangedman_cross_stitches, layout_loops_cross,
          nicolae_overflow_hidden_temple, serial_bayou, serial_bayou_lake_a,
          serial_bayou_pond_c, serial_bayou_shore_b, serial_bayou_crossing,
          minmay_misc_feat_more_columns
D:8:      layout_cave_pods, chei_slow_surprise, lemuel_round_altar
D:9:      layout_cave_pools, lemuel_mausoleum_altar_yredelemnul,
          minmay_misc_feat_pillars
D:10:     layout_roguey, nicolae_concentric_dashed_squares_wild
D:11:     layout_long_grid, dpeg_lair_monsters
D:12:     layout_cave_pools, orc_0_dummy, uniq_kirke
D:13:     layout_irregular_city, david_vaults_1, minmay_splitting_lines
D:14:     layout_long_grid, minmay_stone_trees_small, minmay_between
Temple:   nicolae_temple_great_sept

Skill      XL: |  1  2  3  4  5  6  7  8  9 10 11 12 |
---------------+-------------------------------------+-----
Dodging        | 3 4 5 6 8 9 10 11 | 11.1
Fighting       | 4 5 6 8 9 11 12 13 | 13.1
Unarmed Combat | 4 5 6 7 9 10 11 12 | 12.1
Invocations    | 4 7 8 |  8.7
Stealth        | |  1.7

Action                   |  1- 3 |  4- 6 |  7- 9 | 10-12 || total
-------------------------+-------+-------+-------+-------++-------
Melee: Unarmed           |   169 |   243 |   197 |   525 ||  1134
       Tailslap          |    14 |    29 |    26 |   121 ||   190
       Punch             |     5 |     2 |     7 |    45 ||    59
Throw: Javelin           |       |       |     2 |     5 ||     7
Invok: Heroism           |       |       |     1 |       ||     1
       Finesse           |       |       |       |     1 ||     1
 Abil: Breathe Steam     |       |       |    32 |    47 ||    79
Evoke: Wand              |       |     9 |     4 |     4 ||    17
  Use: Scroll            |       |     6 |     5 |    10 ||    21
       Potion            |       |     8 |     3 |     2 ||    13
 Stab: Sleeping          |     8 |       |     2 |     5 ||    15
       Invisible         |       |     1 |     5 |     4 ||    10
Armor: Skin              |    52 |    73 |    59 |   168 ||   352
Dodge: Dodged            |   120 |   167 |   145 |   383 ||   815
Block: Other             |       |       |    15 |   130 ||   145
       Reflection        |       |       |     1 |     9 ||    10

Table legend: (Time is in decaauts)
 A = Elapsed time spent in this place.
 B = Non-inter-level travel time spent in this place.
 C = Inter-level travel time spent in this place.
 D = Time resting spent in this place.
 E = Time spent auto-exploring this place.
 F = Levels seen in this place.
 G = Mean time per level.
                   A        B        C        D        E       F      G
               +--------+--------+--------+--------+--------+-----+--------+
         Total |  19419 |  18990 |    429 |   6825 |   9418 |  15 | 1294.6 |
       Dungeon |  19295 |  18875 |    420 |   6825 |   9353 |  14 | 1378.2 |
        Temple |    124 |    115 |      9 |      0 |     65 |   1 |  124.0 |
               +--------+--------+--------+--------+--------+-----+--------+

Top non-repeatable levels by time:
     D:4: 2378 daAuts
    D:12: 2005 daAuts
     D:7: 1937 daAuts
     D:3: 1816 daAuts
     D:8: 1679 daAuts
    D:13: 1658 daAuts
     D:6: 1433 daAuts
     D:1: 1283 daAuts
     D:9: 1140 daAuts
     D:2: 1131 daAuts
    D:11: 1076 daAuts
    D:10: 967 daAuts
     D:5: 686 daAuts
  Temple: 124 daAuts
    D:14: 99 daAuts
